 Dungeon Crawl Stone Soup version 0.23.2-30-g0e89c35649 (webtiles) character file.

Game seed: 13540253264102675902

42 MalarOregon the Digger (level 3, 0/27 (28) HPs)
             Began as a Ghoul Earth Elementalist on June 7, 2019.
             Slain by a goblin
             ... wielding a +0 dagger
              (3 damage)
             ... on level 2 of the Dungeon.
             The game lasted 00:02:42 (1006 turns).

MalarOregon the Digger (Ghoul Earth Elementalist)   Turns: 1006, Time: 00:02:42

HP:   0/27 (28)     AC:  2    Str: 11    XL:     3   Next: 54%
MP:   5/5           EV: 12    Int: 11    God:
Gold: 40            SH:  0    Dex:  9    Spells: 5/6 levels left

rFire    . . .     SeeInvis .   g - +2 dagger (venom)
rCold    + . .     Gourm    .   (no shield)
rNeg     + + +     Faith    .   c - +0 robe
rPois    ∞         Spirit   .   (no helmet)
rElec    .         Reflect  .   (no cloak)
rCorr    .         Harm     .   (no gloves)
MR       .....     Rnd*Tele +   (no boots)
Stlth    ++........             (no amulet)
HPRegen  0.00/turn              f - ring of teleportation (curse)
MPRegen  0.09/turn              (no ring)

@: rotting
A: rotting body, claws 1, carnivore, cold resistance 1, negative energy
resistance 3, inhibited regeneration, torment resistance, unbreathing
a: no special abilities


You were on level 2 of the Dungeon.
You were not hungry.

You visited 1 branch of the dungeon, and saw 2 of its levels.

You collected 40 gold pieces.

Inventory:

Hand Weapons
 g - a +2 dagger of venom (weapon)
   (You took it off a goblin on level 1 of the Dungeon)
Missiles
 b - 158 stones (quivered)
Armour
 c - a +0 robe (worn)
Jewellery
 f - a cursed ring of teleportation (left claw)
   (You found it on level 1 of the Dungeon)
Scrolls
 h - a scroll of amnesia {unknown}
Potions
 d - a potion of magic {unknown}
 i - a potion of invisibility {unknown}
Comestibles
 e - 2 rations {!d}


   Skills:
 * Level 1.4 Fighting
 + Level 2.0 Dodging
 + Level 2.5 Stealth
 * Level 1.2 Unarmed Combat
 + Level 2.0 Spellcasting
   Level 0.8 Transmutations
 * Level 3.7 Earth Magic


You had 5 spell levels left.
You knew the following spells:

 Your Spells              Type           Power        Failure   Level  Hunger
a - Sandblast             Erth           #.....       6%          1    ##.....

Your spell library contained the following spells:

 Spells                   Type           Power        Failure   Level  Hunger
 Passwall                 Tmut/Erth      #.......     17%         2    ###....
 Stone Arrow              Conj/Erth      #.....       38%         3    ####...
 Petrify                  Tmut/Erth      #.......     75%         4    #####..
 Lee's Rapid Deconstruct  Erth           #.........   86%         5    ######.


Dungeon Overview and Level Annotations

Branches:
Dungeon (2/15)

Altars:


Innate Abilities, Weirdness & Mutations

Your body is rotting away.
You thrive on raw meat.
You are immune to poison.
You have sharp fingernails.
You are carnivorous and can eat meat at any time.
Your flesh is cold resistant. (rC+)
You are immune to negative energy. (rN+++)
You do not regenerate when monsters are visible.
You are immune to unholy pain and torment.
You can survive without breathing.


Message History

You open the door.
An adder comes into view.
Found 8 gold pieces.
There is an open door here.
The adder hisses angrily.
The adder bites you.
Found a flail.
You miss the adder. The adder barely misses you.
Unknown command.
You closely miss the adder. The adder closely misses you. The adder bites you.
You hit the adder.
The adder is poisoned.
The adder bites you but does no damage.
You closely miss the adder. The adder bites you.
You closely miss the adder. The adder closely misses you.
You hit the adder. The adder bites you but does no damage.
The adder closely misses you.
You barely miss the adder. The adder closely misses you.
You hit the adder but do no damage.
The adder looks as sick as possible!
You kill the adder!
No target in view!
Unknown command.
You start resting.
You feel strangely unstable.
You are suddenly yanked towards some nearby monsters!
Your surroundings suddenly seem different.
A goblin comes into view. It is wielding a +0 dagger.
Found a metallic grey potion and 6 gold pieces.
A worm comes into view.
The helpless worm fails to defend itself.
You puncture the worm!
The worm is poisoned.
The goblin misses you.
You hit the worm.
The worm looks as sick as possible!
The worm bites you. The goblin hits you with a +0 dagger.
You barely miss the worm. The goblin hits you but does no damage.
You barely miss the worm. The worm barely misses you.
The goblin completely misses you.
You hit the worm. The worm bites you!
* * * LOW HITPOINT WARNING * * *
The goblin hits you with a +0 dagger.
* * * LOW HITPOINT WARNING * * *
You completely miss the goblin. The goblin hits you with a +0 dagger.
* * * LOW HITPOINT WARNING * * *
A kobold comes into view.
The kobold shouts!
You kill the worm!
Your Dodging skill increases to level 2!
Okay, then.
You hit the goblin.
The goblin is poisoned.
The goblin hits you but does no damage.
You closely miss the goblin. The goblin hits you with a +0 dagger.
You die...

##### ....# ....###
#################
.......
.......@g...K...####
....#
############........
....####
#.......#....
........
+............
........
#.....###K...
.####### #.....# .##
.# #.....# # .#
#####.. .# #.!.


You could see a goblin and a kobold.

Vanquished Creatures
  An adder (D:2)
  A worm (D:2)
  A dart slug (D:1)
  2 ball pythons (D:1)
  3 giant cockroaches (D:1)
  2 goblins (D:1)
  4 hobgoblins (D:1)
  4 kobolds (D:1)
  4 bats
  3 frilled lizards
  3 rats (D:1)
28 creatures vanquished.

Notes
Turn   | Place    | Note
-------+----------+-------------------------------------------
     0 | D:1      | MalarOregon the Ghoul Earth Elementalist began the quest
                  | for the Orb.
     0 | D:1      | Reached XP level 1. HP: 14/14 MP: 2/2
   183 | D:1      | Reached XP level 2. HP: 17/22 MP: 3/3
   395 | D:1      | Reached skill level 1 in Fighting
   395 | D:1      | Reached skill level 1 in Unarmed Combat
   447 | D:1      | Reached XP level 3. HP: 26/28 MP: 3/5
  1006 | D:2      | Slain by a goblin

Skill      XL: |  1  2  3 |
---------------+----------+-----
Fighting       | 1 |  1.4
Unarmed Combat | 1 |  1.2
Spellcasting   | 2 |  2.0
Dodging        | 2 |  2.0
Stealth        | |  2.5
Transmutations | |  0.8
Earth Magic    | |  3.7

Action                   || total
-------------------------++-------
Melee: Unarmed           ||    85
       Dagger            ||    26
 Stab: Sleeping          ||     6
  Eat: Chunk             ||    10
Armor: Robe              ||    28
Dodge: Dodged            ||    77
